 Dungeon Crawl Stone Soup version 0.31-a0-204-g7da18cac08 (webtiles) character file.

Game seed: 13879967716952088123

78 qw the Shooter (level 4, -1/25 HPs)
             Began as a Deep Elf Hunter on June 27, 2023.
             Slain by a cerulean imp
             ... wielding a +0 spear
             ... summoned by Natasha
              (3 damage)
             ... on level 3 of the Dungeon.
             The game lasted 00:00:36 (1431 turns).

qw the Shooter (Deep Elf Hunter)                    Turns: 1431, Time: 00:00:36

Health: -1/25      AC:  7    Str: 10    XL:     4   Next: 15%
Magic:  6/6        EV:  9    Int: 14    God:
Gold:   131        SH:  0    Dex: 18    Spells: 3/3 levels left

rFire   . . .        Y - +1 shortbow
rCold   . . .        (shield currently unavailable)
rNeg    . . .        m - +0 scale mail
rPois   .            (no helmet)
rElec   .            b - +0 cloak
rCorr   .            (no gloves)
SInv    .            (no boots)
Will    .....        (no amulet)
Stlth   +            (no ring)
HPRegen 0.24/turn    (no ring)
MPRegen 0.10/turn

%: no passive effects
@: slowed, very slow
A: no striking features
a: no special abilities


You were on level 3 of the Dungeon.
You visited 1 branch of the dungeon, and saw 3 of its levels.

You collected 131 gold pieces.


   Skills:
 - Level 1.5 Fighting
 + Level 7.6 Ranged Weapons
 - Level 2.4 Dodging
 - Level 1.2 Stealth


You had 3 spell levels left.
You didn't know any spells.
Your spell library was empty.

Inventory:

Hand Weapons
 Y - a +1 shortbow (weapon)
Armour
 b - a +0 cloak (worn)
 m - a +0 scale mail (worn)
Scrolls
 a - 2 scrolls of teleportation
Potions
 d - a potion of brilliance {unknown}
 e - a potion of heal wounds
 g - a potion of attraction {unknown}
 h - a potion of lignification {unknown}
 k - a potion of resistance
 l - a potion of curing {unknown}

Dungeon Overview and Level Annotations

Branches:
Dungeon (3/15)

Altars:
Yredelemnul

Annotations:
D:3 Natasha


Message History

The adder is heavily wounded.
The adder bites you but does no damage. The adder bites you.
The adder bites you but does no damage. x2
You shoot an arrow. The arrow hits the adder.
The adder is severely wounded.
The adder bites you but does no damage. x3
Natasha mumbles some strange words.
You shoot an arrow. The arrow completely misses the adder.
The adder bites you but does no damage. The adder barely misses you.
The adder bites you but does no damage. x2
You shoot an arrow. The arrow hits the adder.
You kill the adder!
The adder bites you but does no damage. Natasha claws you.
The cerulean imp hits you but does no damage.
The adder bites you but does no damage.
You shoot an arrow. The arrow closely misses Natasha.
The adder bites you but does no damage. Natasha claws you.
The cerulean imp hits you from afar with a +0 spear.
The adder closely misses you.
You shoot an arrow. The arrow hits Natasha!
Natasha is heavily wounded.
Natasha casts a spell at you. The magic dart hits you.
The cerulean imp hits you but does no damage.
The adder closely misses you. Natasha barely misses you.
The cerulean imp barely misses you.
You shoot an arrow. The arrow closely misses Natasha.
The adder closely misses you. The adder barely misses you.
Natasha casts a spell at you.
You feel yourself slow down.
The cerulean imp hits you from afar with a +0 spear.
You shoot an arrow.
The arrow hits Natasha but does no damage.
Natasha is heavily wounded.
The adder bites you but does no damage.
Natasha casts a spell.
The cerulean imp hits you from afar with a +0 spear.
The adder bites you but does no damage. Natasha closely misses you.
The cerulean imp hits you from afar with a +0 spear.
You die...

#.# #.# #########
#.# #...%...# #.#
#.#####.#####:#
#.##..........# #
#.##.##.#######
....#####.##.##.#
#55S@........#
_...##h##########
. #g #. #. #. ..
##


You could see Natasha, 2 cerulean imps, an adder and a hobgoblin.

Vanquished Creatures
  3 adders
  A worm (D:2)
  2 dart slugs (D:1)
  3 ball pythons
  5 endoplasms
  4 giant cockroaches (D:1)
  4 goblins
  4 hobgoblins
  3 kobolds (D:1)
  2 quokkas (D:2)
  4 bats
  2 frilled lizards (D:2)
  5 rats
42 creatures vanquished.

Notes
Turn   | Place    | Note
-------+----------+-------------------------------------------
     0 | D:1      | qw the Deep Elf Hunter began the quest for the Orb.
     0 | D:1      | Reached XP level 1. HP: 12/12 MP: 3/3
     0 | D:1      | 0 ||| qw: Version: 0.3-a-22-g0ed2b0b
     0 | D:1      | 0 ||| qw: Game counter: 6643
     0 | D:1      | 0 ||| qw: Melee chars always use a shield: true
     0 | D:1      | 0 ||| qw: God list: Okawaru
     0 | D:1      | 0 ||| qw: Allow faded altars: false
     0 | D:1      | 0 ||| qw: Do Orc after clearing Dungeon:15 true
     0 | D:1      | 0 ||| qw: Do second Lair branch before Depths: true
     0 | D:1      | 0 ||| qw: Lair rune preference: random
     0 | D:1      | 0 ||| qw: Goals: Normal
     0 | D:1      | 0 ||| PLANNING D:1-11
    72 | D:1      | Reached XP level 2. HP: 16/16 MP: 4/4
   120 | D:1      | Reached skill level 6 in Ranged Weapons
   200 | D:1      | 200 ||| FLEEEEING.
   437 | D:1      | 437 ||| FLEEEEING.
   438 | D:1      | 438 ||| FLEEEEING.
   595 | D:1      | Reached XP level 3. HP: 20/20 MP: 5/5
   649 | D:1      | 649 ||| READING 2 scrolls labelled ASMURO YSHROA.
   654 | D:1      | 654 ||| READING 3 scrolls labelled DOARIM XIEFF.
   655 | D:1      | 655 ||| READING scroll labelled XANYMIWIOC.
   656 | D:1      | 656 ||| DROPPING scroll of butterflies.
   657 | D:1      | 657 ||| DROPPING 2 scrolls of summoning.
   682 | D:2      | 682 ||| STAIRDANCE
   708 | D:2      | 708 ||| STAIRDANCE
   713 | D:1      | Reached skill level 7 in Ranged Weapons
  1198 | D:2      | Found a faded altar of an unknown god.
  1319 | D:2      | 1319 ||| UPGRADING to +0 cloak.
  1324 | D:2      | 1324 ||| UPGRADING to +0 scale mail.
  1334 | D:2      | 1334 ||| DROPPING +0 leather armour.
  1335 | D:2      | 1335 ||| READING scroll labelled RIMETE XULLANK.
  1336 | D:2      | 1336 ||| READING scroll labelled SULAR JUAZADD.
  1337 | D:2      | 1337 ||| READING scroll labelled PAQONI RONNI.
  1338 | D:2      | 1338 ||| DRINKING 2 coppery potions.
  1339 | D:2      | 1339 ||| DRINKING 2 fuming inky potions.
  1363 | D:3      | Reached XP level 4. HP: 25/25 MP: 6/6
  1419 | D:3      | Found a basalt altar of Yredelemnul.
  1423 | D:3      | Noticed Natasha
  1431 | D:3      | HP: 2/25 [cerulean imp/+0 spear[Natasha] (5)]
  1431 | D:3      | Slain by a cerulean imp

Levels and vault maps discovered:
D:1:      psy_arrival_whirlpool, layout_loops_ring
D:2:      layout_loops_ring, basic_ecumenical_altar
D:3:      layout_loops_cross, slow_altar_2, mainiacjoe_overflow_swirl,
          yredelemnul_altar_generic, minmay_misc_feat_doors, uniq_natasha

Skill      XL: |  1  2  3 |
---------------+----------+-----
Ranged Weapons | 6 7 |  7.6
Fighting       | |  1.5
Dodging        | |  2.4
Stealth        | |  1.2

Action                     |  1- 3 |  4- 6 || total
---------------------------+-------+-------++-------
   Fire: Shortbow          |   107 |    13 ||   120
    Use: Scroll            |     6 |       ||     6
         Potion            |     2 |       ||     2
 Armour: Leather armour    |    11 |       ||    11
         Scale mail        |       |    19 ||    19
  Dodge: Dodged            |    26 |    10 ||    36

Table legend:
 A = Non-vault XP
 B = Vault XP
 C = Vault XP percentage of total XP
 D = Non-vault monster count
 E = Vault monster count
 F = Vault count percentage of total count
                 A         B        C        D         E       F
            +---------+---------+-------+---------+---------+-------
      Total |     112 |       0 |   0.0 |      42 |       0 |   0.0
            +---------+---------+-------+---------+---------+-------
        D:1 |      64 |       0 |   0.0 |      29 |       0 |   0.0
        D:2 |      31 |       0 |   0.0 |      10 |       0 |   0.0
        D:3 |      17 |       0 |   0.0 |       3 |       0 |   0.0
            +---------+---------+-------+---------+---------+-------
